 Dungeon Crawl Stone Soup version 0.30-a0-808-g6e0788376e (webtiles) character file.

Game seed: 12362712293956012184

687 cforsyth the Sneak (level 7, -8/44 HPs)
             Began as a Kobold Brigand on Feb 27, 2023.
             Was an Initiate of Hepliaklqana.
             Mangled by a gnoll
             ... wielding a +0 flail
              (10 damage)
             ... on level 5 of the Dungeon.
             The game lasted 00:07:27 (4827 turns).

cforsyth the Sneak (Kobold Brigand)                 Turns: 4827, Time: 00:07:27

Health: -8/44      AC:  4    Str:  9    XL:     7   Next: 94%
Magic:  7/7        EV: 17    Int: 12    God:    Hepliaklqana [......]
Gold:   287        SH:  0    Dex: 18    Spells: 6/6 levels left

rFire   . . .      SeeInvis .    a - +2 dagger (spect)
rCold   . . .      Faith    .    (no shield)
rNeg    . . .      Spirit   .    b - +0 robe
rPois   +          Reflect  .    (no helmet)
rElec   .          Harm     .    c - +0 cloak
rCorr   .          Rampage  .    (no gloves)
Will    .....                    q - +0 pair of boots
Stlth   +++++                    (no amulet)
HPRegen 0.27/turn                h - ring of poison resistance
MPRegen 0.10/turn                (no ring)

@: no status effects
A: small, no large weapons, nightstalker 3
a: Renounce Religion


You were on level 5 of the Dungeon.
You worshipped Hepliaklqana.
Hepliaklqana was noncommittal.
You visited 2 branches of the dungeon, and saw 6 of its levels.
You also visited: Sewer.

You collected 287 gold pieces.

Inventory:

Hand Weapons
 a - a +2 spectral dagger (weapon)
Missiles
 d - 28 poisoned darts (quivered)
 e - 3 curare-tipped darts
 p - 2 throwing nets
Armour
 b - a +0 robe (worn)
 c - a +0 cloak (worn)
 q - a +0 pair of boots (worn)
Jewellery
 h - a ring of poison resistance (left hand)
Wands
 w - a wand of quicksilver (8)
Scrolls
 f - 2 scrolls of brand weapon
 i - a scroll of enchant weapon {unknown}
 l - 2 scrolls of identify
 n - a scroll of teleportation
 t - a scroll of amnesia {unknown}
 u - a scroll of vulnerability
Potions
 g - a potion of magic {unknown}
 j - a potion of heal wounds {unknown}
 k - 4 potions of curing
 m - 3 potions of brilliance
 o - 3 potions of haste {unknown}
 r - 2 potions of attraction
 s - 2 potions of flight {unknown}
 x - 2 potions of mutation
 z - a potion of invisibility


   Skills:
 + Level 4.8 Fighting
 + Level 5.9 Short Blades
 - Level 2.1 Throwing
 + Level 4.8 Dodging
 + Level 7.8 Stealth


You had 6 spell levels left.
You didn't know any spells.
Your spell library contained the following spells:

 Spells                   Type           Power      Damage    Failure   Level
 Hailstorm                Conj/Ice       0%         3d3       69%         3
 Stone Arrow              Conj/Erth      0%         3d7       69%         3
 Animate Armour           Summ/Erth      0%         N/A       97%         4
 Ice Form                 Ice/Tmut       0%         N/A       97%         4
 Simulacrum               Ice/Necr       0%         N/A       100%        6
 Lehudib's Crystal Spear  Conj/Erth      0%         10d2      100%        8


Dungeon Overview and Level Annotations

Branches:
Dungeon (5/15)             Temple (1/1) D:5           Sewer (visited)

Altars:
Ashenzari
Cheibriados
Dithmenos
Fedhas
Gozag
Hepliaklqana
Kikubaaqudgha
Makhleb
Nemelex Xobeh
Okawaru
Qazlal
Uskayaw
Vehumet
Wu Jian
Xom
Yredelemnul
Zin
The Shining One

Shops:
D:3 (

Annotations:
D:4 1 runed translucent door, Twinkles's ghost, amateur OpBr


Innate Abilities, Weirdness & Mutations

You are small and have problems with some larger weapons.
You are completely attuned to the shadows.


Message History

An orc comes into view. It is wielding a +0 club.
The gnoll hits you with a +0 flail!
You hit the gnoll.
The gnoll is lightly wounded.
Your +2 spectral dagger hits the gnoll.
The gnoll hits you with a +0 flail. The orc hits you with a +0 club.
The gnoll misses you.
You barely miss the gnoll.
The gnoll is heavily wounded.
Your +2 spectral dagger barely misses the gnoll.
You barely miss the gnoll.
The gnoll is heavily wounded.
Your +2 spectral dagger hits the gnoll.
The gnoll hits you with a +0 flail. The orc barely misses you.
The gnoll completely misses you.
The orc priest mumbles some strange prayers to Beogh against you.
Pain shoots through your body! The orc completely misses you.
You are too injured to fight recklessly!
You are too injured to fight recklessly!
You are too injured to fight recklessly!
You are too injured to fight recklessly!
You are too injured to fight recklessly!
You are too injured to fight recklessly!
You are too injured to fight recklessly!
You are too injured to fight recklessly!
You hit the gnoll. You punch the gnoll, but do no damage.
The gnoll is severely wounded.
Your +2 spectral dagger barely misses the gnoll.
The gnoll barely misses you. The gnoll misses you.
The orc hits you but does no damage. x2
Unknown command.
The orc priest attacks as you move away!
The orc priest hits you with a +0 dagger.
The gnoll attacks as you move away! The gnoll hits you but does no damage.
Things that are here:
a +0 club; a gnoll corpse
There is an open door here.
The orc priest calls down the wrath of Beogh upon you.
Beogh smites you!
* * * LOW HITPOINT WARNING * * *
The gnoll attacks as you move away! The gnoll hits you with a +0 flail!
You die...

..#.....# +...
........# #... ..=...>#
#... #.o...# .###+###..
##o....# #......#..
+..go... #......#..
#.)..... #......+..
+###g#########......###
.....g@................
.......................
.......................
.......................
+#######...............
#...............
##########+#.... #....
#....


You could see 2 gnolls.

Vanquished Creatures
  An ice beast (D:5)
  A kobold brigand (Sewer)
  A scorpion (D:4)
  An orc priest (D:4)
  A hound (D:5)
  A jelly (D:4)
  Ijyb (D:3)
  An iguana (D:4)
  6 adders
  5 gnolls (D:5)
  5 river rats (Sewer)
  2 worms
  4 dart slugs
  10 orcs
  8 bats
  6 endoplasms
  14 giant cockroaches
  9 goblins
  9 hobgoblins
  12 jackals
  10 quokkas
  12 ball pythons
  7 frilled lizards
  11 kobolds
  14 rats
152 creatures vanquished.

Vanquished Creatures (others)
  5 plants (Sewer)
5 creatures vanquished.

Grand Total: 157 creatures vanquished

Notes
Turn   | Place    | Note
-------+----------+-------------------------------------------
     0 | D:1      | cforsyth the Kobold Brigand began the quest for the Orb.
     0 | D:1      | Reached XP level 1. HP: 12/12 MP: 1/1
   101 | D:1      | Reached XP level 2. HP: 18/18 MP: 2/2
   468 | D:1      | Reached XP level 3. HP: 16/22 MP: 3/3
  1046 | D:2      | Reached XP level 4. HP: 23/27 MP: 4/4
  1104 | D:2      | Reached skill level 6 in Stealth
  2058 | D:3      | Found a shimmering altar of Xom.
  2072 | D:3      | Found an iron altar of Okawaru.
  2278 | D:3      | Noticed Ijyb
  2282 | D:3      | Killed Ijyb
  2283 | D:3      | Reached XP level 5. HP: 32/32 MP: 5/5
  2290 | D:3      | Found Uzattueh's Weapon Emporium.
  2916 | D:4      | Reached XP level 6. HP: 38/38 MP: 6/6
  3093 | D:4      | Found a glowing drain.
  3107 | Sewer    | Entered a sewer
  3175 | Sewer    | Reached skill level 5 in Short Blades
  3175 | Sewer    | Reached skill level 7 in Stealth
  3177 | Sewer    | Reached XP level 7. HP: 28/43 MP: 7/7
  4263 | D:4      | Found a runed translucent door.
  4436 | D:4      | Noticed Twinkles's ghost (amateur OpBr)
  4460 | D:5      | Entered Level 5 of the Dungeon
  4476 | D:5      | Found a staircase to the Ecumenical Temple.
  4491 | Temple   | Entered the Ecumenical Temple
  4567 | Temple   | Became a worshipper of Hepliaklqana the Forgotten
  4825 | D:5      | HP: 2/44 [orc priest/divine providence (14)]
  4827 | D:5      | Mangled by a gnoll

Illustrated notes

Levels and vault maps discovered:
D:1:      wander_arrival_chamber, layout_basic, minmay_misc_feat_columns,
          serial_bayou_pond_a, minmay_cupped
D:2:      layout_rooms
D:3:      layout_loops_cross, mainiacjoe_overflow_large_starburst, serial_shops,
          nicolae_shop_crystal, minmay_joined_circles, uniq_ijyb
D:4:      layout_loops_ring, gup_sewer_entry_pipe, ebering_ghost_sewer_d,
          minmay_misc_feat_roman
D:5:      layout_gridville, minmay_temple_entry_water_ring,
          serial_bayou_crossing
Temple:   dpeg_three_leaves_temple

Skill      XL: |  1  2  3  4  5  6 |
---------------+-------------------+-----
Short Blades   | 3 4 5 |  5.9
Dodging        | 2 3 4 |  4.8
Stealth        | 6 7 |  7.8
Fighting       | 3 4 |  4.8
Throwing       | |  2.1

Action                     |  1- 3 |  4- 6 |  7- 9 || total
---------------------------+-------+-------+-------++-------
  Melee: Dagger            |    99 |   229 |   132 ||   460
         Punch             |     1 |     3 |     3 ||     7
    Use: Scroll            |       |    12 |       ||    12
   Stab: Sleeping          |    11 |    23 |    20 ||    54
 Armour: Robe              |    15 |    41 |    13 ||    69
  Dodge: Dodged            |    63 |   150 |    82 ||   295

Table legend: (Time is in decaauts)
 A = Elapsed time spent in this place.
 B = Non-inter-level travel time spent in this place.
 C = Inter-level travel time spent in this place.
 D = Time resting spent in this place.
 E = Time spent auto-exploring this place.
 F = Levels seen in this place.
 G = Mean time per level.
                   A        B        C        D        E       F      G
               +--------+--------+--------+--------+--------+-----+--------+
         Total |   4886 |   4790 |     96 |    193 |   3490 |   7 |  698.0 |
       Dungeon |   3965 |   3875 |     90 |    193 |   2778 |   5 |  793.0 |
        Temple |     82 |     76 |      6 |      0 |     61 |   1 |   82.0 |
         Sewer |    839 |    839 |      0 |      0 |    651 |   1 |  839.0 |
               +--------+--------+--------+--------+--------+-----+--------+

Top non-repeatable levels by time:
     D:3: 1101 daAuts
     D:1: 932 daAuts
     D:4: 896 daAuts
   Sewer: 839 daAuts
     D:2: 759 daAuts
     D:5: 275 daAuts
  Temple: 82 daAuts
